 Dungeon Crawl Stone Soup version 0.28.0-1-gb440e238dd (webtiles) character file.

Game seed: 18277511211102814715

48 sanka the Conjurer (level 3, 23/24 HPs)
             Began as a Merfolk Conjurer on Feb 21, 2022.
             Was a Follower of Uskayaw.
             Quit the game on level 2 of the Dungeon.
             The game lasted 00:01:45 (1441 turns).

sanka the Conjurer (Merfolk Conjurer)               Turns: 1441, Time: 00:01:46

Health: 23/24      AC:  3    Str:  7    XL:     3   Next: 72%
Magic:  4/6        EV: 12    Int: 17    God:    Uskayaw [*.....]
Gold:   47         SH:  0    Dex: 14    Spells: 3/6 levels left

rFire   . . .      SeeInvis .   b - +0 whip
rCold   . . .      Faith    .   (no shield)
rNeg    . . .      Spirit   .   a - +0 robe
rPois   .          Reflect  .   (no helmet)
rElec   .          Harm     .   (no cloak)
rCorr   .          Rampage  .   h - +0 pair of gloves
Will    .....                   (no boots)
Stlth   ++........              e - amulet of regeneration
HPRegen 0.88/turn               (no ring)
MPRegen 0.10/turn               (no ring)

@: no status effects
A: (nimble swimmer 2), mertail
a: Renounce Religion, Stomp


You were on level 2 of the Dungeon.
You worshipped Uskayaw.
Uskayaw was noncommittal.
You visited 1 branch of the dungeon, and saw 2 of its levels.

You collected 47 gold pieces.

Inventory:

Hand Weapons
 b - a +0 whip (weapon)
Missiles
 i - 5 silver javelins
Armour
 a - a +0 robe (worn)
 h - a +0 pair of gloves (worn)
Jewellery
 c - a ring of willpower
 e - an amulet of regeneration (around neck)
Scrolls
 g - 2 scrolls of identify {unknown}
Potions
 d - a potion of curing {unknown}
 f - a potion of cancellation {unknown}


   Skills:
 - Level 2.6 Dodging
 - Level 2.1 Stealth
 - Level 2.0 Spellcasting
 + Level 4.4 Conjurations


You had 3 spell levels left.
You knew the following spells:

 Your Spells              Type           Power      Damage    Failure   Level
a - Magic Dart            Conj           64%        1d6       3%          1
b - Searing Ray           Conj           32%        2d5       4%          2

Your spell library contained the following spells:

 Spells                   Type           Power      Damage    Failure   Level
 Dazzling Flash           Conj/Hex       18%        N/A       24%         3
 Fulminant Prism          Conj/Hex       4%         3d6       61%         4
 Iskenderun's Mystic Bla  Conj/Tloc      9%         2d4       61%         4


Dungeon Overview and Level Annotations

Branches:
Dungeon (2/15)

Altars:
Uskayaw


Innate Abilities, Weirdness & Mutations

((You are very nimble when in or above water. (Stealth+, EV+, Speed+++)))
Your lower body shifts to a powerful aquatic tail in water.


Message History

The magic dart hits the adder.
The adder is moderately wounded.
You climb upwards.
There is a stone staircase leading down here.
Unknown command.
You start resting.
Magic restored.
You see here a +0 dagger.
There is an open door here.
There is an open door here.
There is a stone staircase leading down here.
You climb downwards.
There is a stone staircase leading up here.
Unknown command.
Found a faded altar of an unknown god.
The magic dart hits the adder but does no damage.
The adder hisses angrily.
The magic dart hits the adder.
The adder is heavily wounded.
The magic dart hits the adder.
The adder is almost dead.
The magic dart hits the adder.
You kill the adder!
You start resting.
Magic restored.
The ball python hisses angrily.
There is a faded altar of an unknown god here.
The magic dart hits the ball python.
The ball python is severely wounded.
The ball python bites you. The ball python grabs you.
The ball python constricts you.
The magic dart hits the ball python.
You kill the ball python!
You cannot tell which god this altar belongs to.
Convert to them anyway?
Uskayaw accepts your prayer! Uskayaw welcomes you!
You can now stomp with the beat.
Unknown command.
Press < or > to pray at altars.
Are you sure you want to abandon this character and quit the game? (Confirm with "yes".)

........ #...... .. ....# .
####### ##..# .## . ......###
##..## #..#.. ##...<..#
#....###............#
.....#.####.#...#...#.........#
##.#.......###.....# ........#
.. #...##### ##.@.## ##J......#
# #...# #.....###........#
.....# #...#?..#...$l....##
####..# ....###....†..S.....#
.... ..#..# #..#...<.....#
##### # ##. .###.......[# ..
.#.........# .. J..........#
#...........#


You could see an endoplasm (wandering).

Vanquished Creatures
  2 adders (D:2)
  2 dart slugs (D:1)
  6 ball pythons
  4 hobgoblins (D:1)
  3 kobolds (D:1)
  2 quokkas (D:1)
  3 bats (D:1)
  3 rats (D:1)
25 creatures vanquished.

Notes
Turn   | Place    | Note
-------+----------+-------------------------------------------
     0 | D:1      | sanka the Merfolk Conjurer began the quest for the Orb.
     0 | D:1      | Reached XP level 1. HP: 13/13 MP: 3/3
   249 | D:1      | Reached XP level 2. HP: 19/19 MP: 3/5
   252 | D:1      | Learned a level 2 spell: Searing Ray
   874 | D:1      | Reached skill level 4 in Conjurations
   934 | D:1      | Reached XP level 3. HP: 24/24 MP: 3/6
  1392 | D:2      | Found a faded altar of an unknown god.
  1440 | D:2      | Prayed at the altar of an unknown god.
  1440 | D:2      | Became a worshipper of Uskayaw the Reveller
  1440 | D:2      | Reached * piety under Uskayaw
  1441 | D:2      | Quit the game

Illustrated notes

Levels and vault maps discovered:
D:1:      noname_arrival_rooms_in_the_neighbourhood, layout_loops_ring,
          chequers_serial_rivers_room_b, feat_on_display
D:2:      layout_basic, nicolae_ecumenical_snake_handling,
          nicolae_figureground_sparkle

Skill      XL: |  1  2 |
---------------+-------+-----
Conjurations   | 4 |  4.4
Dodging        | |  2.6
Stealth        | |  2.1
Spellcasting   | |  2.0

Action                   || total
-------------------------++-------
 Cast: Magic Dart        ||    56
Armor: Robe              ||     3
Dodge: Dodged            ||     4
